 Dungeon Crawl Stone Soup version 0.31-a0-654-gbe3e110b4e (webtiles) character file.

Game seed: 11099581257480832106

49 bmack86 the Shield-Bearer (level 3, -3/31 HPs)
             Began as a Minotaur Fighter on Aug 29, 2023.
             Killed from afar by Sigmund (4 damage)
             ... with a magic dart
             ... on level 2 of the Dungeon.
             The game lasted 00:02:41 (1107 turns).

bmack86 the Shield-Bearer (Minotaur Fighter)        Turns: 1107, Time: 00:02:42

Health: -3/31      AC:  6    Str: 22    XL:     3   Next: 53%
Magic:  2/2        EV:  9    Int:  5    God:
Gold:   86         SH:  0    Dex:  9    Spells: 2/2 levels left

rFire   . . .        a - +0 war axe
rCold   . . .        c - +0 buckler
rNeg    . . .        b - +0 scale mail
rPois   .            (helmet restricted)
rElec   .            (no cloak)
rCorr   .            (no gloves)
SInv    .            (no boots)
Will    .....        (no amulet) Stlth
                     (no ring)
HPRegen 0.25/turn    (no ring)
MPRegen 0.08/turn

%: no passive effects
@: confused
A: horns 2, retaliatory headbutt
a: no special abilities


You were on level 2 of the Dungeon.
You visited 1 branch of the dungeon, and saw 2 of its levels.

You collected 86 gold pieces.

Inventory:

Hand Weapons
 a - a +0 war axe (weapon)
Armour
 b - a +0 scale mail (worn)
 c - a +0 buckler (worn)
Scrolls
 g - a scroll of amnesia {unknown}
Potions
 d - a potion of might
 e - 2 potions of curing {unknown}
 f - a potion of degeneration {unknown}
 h - a potion of haste {unknown}


   Skills:
 - Level 3.6 Fighting
 + Level 3.8 Axes
 - Level 3.6 Armour
 + Level 4.7 Shields


You had 2 spell levels left.
You didn't know any spells.
Your spell library contained the following spells:

 Spells                   Type           Power      Damage    Failure   Level
 Summon Ice Beast         Ice/Summ       0%         N/A       100%        4
 Summon Mana Viper        Hex/Summ       0%         N/A       100%        5
 Monstrous Menagerie      Summ           0%         N/A       100%        7


Dungeon Overview and Level Annotations

Branches:
Dungeon (2/15)

Altars:

Annotations:
D:2 Sigmund


Innate Abilities, Weirdness & Mutations

You have a pair of horns on your head.
You reflexively headbutt those who attack you in melee.


Message History

Sigmund casts a spell at you. You resist with significant effort.
Sigmund points at you and mumbles some strange words.
You are confused.
You see here a +0 chain mail.
Sigmund closely misses you. Sigmund gestures at you while chanting.
You resist with significant effort. Sigmund barely misses you.
You closely miss Sigmund. Sigmund hits you but does no damage.
You feel less confused. Sigmund misses you. Sigmund barely misses you.
You closely miss Sigmund. You hit Sigmund but do no damage.
Sigmund mumbles some strange words.
Sigmund flickers and vanishes!
Deactivating autopickup; reactivate with Ctrl-A.
Something hits you!
You hit something but do no damage. Your headbutt misses something.
Something hits you.
You barely miss something. You slash something! Your headbutt misses something.
Something hits you!
You closely miss something. You block something's attack.
You slash something! Something hits you.
You miss something. Something hits you!
* * * LOW HITPOINT WARNING * * *
You miss something.
You hear some strange, mumbled words.
You are confused.
Something hits you but does no damage.
You completely miss something. Your headbutt misses something.
Something hits you but does no damage.
You miss something. Something hits you but does no damage. Something hits you!
* * * LOW HITPOINT WARNING * * *
You hear some strange, mumbled words.
A magic dart appears from out of thin air!
The magic dart hits you.
You die...

#.#.##.†.###......###.#
#...
#.#.##.###......###..)#
####
#...(#'#......###...###
###.##.....%###...###.#
#.###......##..##...#
##......##††..###
##......##..##.#
##......##....#
##.[{@..##..##
##......##..#
##......##.#
##......### ##......#
##......# ....#+# ..###
###


There were no monsters in sight!

Vanquished Creatures
  2 dart slugs
  3 worms (D:2)
  2 bats (D:1)
  3 endoplasms
  4 goblins (D:1)
  3 hobgoblins
  A jackal (D:2)
  7 ball pythons
  3 frilled lizards
  3 kobolds
  7 rats
38 creatures vanquished.

Notes
Turn   | Place    | Note
-------+----------+-------------------------------------------
     0 | D:1      | bmack86 the Minotaur Fighter began the quest for the Orb.
     0 | D:1      | Reached XP level 1. HP: 19/19 MP: 0/0
    54 | D:1      | Found a faded altar of an unknown god.
   110 | D:1      | Reached skill level 4 in Shields
   110 | D:1      | Reached XP level 2. HP: 20/26 MP: 1/1
   728 | D:2      | Reached XP level 3. HP: 31/31 MP: 2/2
  1080 | D:2      | Noticed Sigmund
  1106 | D:2      | HP: 1/31 [something (8)]
  1107 | D:2      | Killed from afar by Sigmund

Illustrated notes

Levels and vault maps discovered:
D:1:      minmay_arrival_nine_rooms, layout_basic,
          ebering_ecumenical_altar_hall, minmay_curled_crystal,
          minmay_misc_feat_room
D:2:      minmay_razor_zed, layout_loops_corners, uniq_sigmund

Skill      XL: |  1  2 |
---------------+-------+-----
Shields        | 4 |  4.7
Axes           | 3 |  3.8
Fighting       | |  3.6
Armour         | |  3.6

Action                     || total
---------------------------++-------
  Melee: War axe           ||    72
         Headbutt          ||     5
 Armour: Scale mail        ||    38
  Dodge: Dodged            ||    36
  Block: Buckler           ||    15

Table legend: (Time is in decaauts)
 A = Elapsed time spent in this place.
 B = Non-inter-level travel time spent in this place.
 C = Inter-level travel time spent in this place.
 D = Time resting spent in this place.
 E = Time spent auto-exploring this place.
 F = Levels seen in this place.
 G = Mean time per level.
                   A        B        C        D        E       F      G
               +--------+--------+--------+--------+--------+-----+--------+
         Total |   1133 |   1112 |     21 |      0 |    835 |   2 |  566.5 |
       Dungeon |   1133 |   1112 |     21 |      0 |    835 |   2 |  566.5 |
               +--------+--------+--------+--------+--------+-----+--------+

Top non-repeatable levels by time:
     D:1: 716 daAuts
     D:2: 416 daAuts
